 Dungeon Crawl Stone Soup version 0.30-a0-782-ge64f9170bb (webtiles) character file.

Game seed: 472645135505663208

2181 Flugkiller the Ducker (level 9, -4/49 HPs)
             Began as a Deep Elf Chaos Knight on Feb 28, 2023.
             Was a Plaything of Xom.
             Splashed by a jelly's acid (9 damage)
             ... on level 7 of the Dungeon.
             The game lasted 00:19:26 (7918 turns).

Flugkiller the Ducker (Deep Elf Chaos Knight)       Turns: 7918, Time: 00:19:26

Health: -4/49      AC:  2    Str:  9    XL:     9   Next: 11%
Magic:  11/11      EV: 13    Int: 18    God:    Xom [..*...]
Gold:   190        SH:  0    Dex: 18    Spells: 8/8 levels left

rFire   . . .      SeeInvis .    K - +1 dagger (venom)
rCold   + . .      Faith    .    (no shield)
rNeg    . . .      Spirit   .    E - +3 ring mail {rC+}
rPois   .          Reflect  .    s - +0 helmet
rElec   .          Harm     .    (no cloak)
rCorr   .          Rampage  .    r - +0 pair of gloves
Will    +....                    F - +0 pair of boots
Stlth   ++                       (no amulet)
HPRegen 0.28/turn                m - ring of willpower
MPRegen 0.12/turn                p - +4 ring of protection

@: corroded
A: hooves 1, iridescent scales 1, deformed body, frail 1, mutation resistance 1,
noise suppression
a: Renounce Religion


You were on level 7 of the Dungeon.
You worshipped Xom.
You were a toy of Xom.
You visited 1 branch of the dungeon, and saw 7 of its levels.

You collected 330 gold pieces.
You spent 140 gold pieces at shops.

Inventory:

Hand Weapons
 a - a +0 short sword of chaos
 i - a +0 long sword
   (You found it on level 3 of the Dungeon)
 y - a +0 rapier
   (You found it on level 5 of the Dungeon)
 K - a +1 dagger of venom (weapon)
   (You took it off Robin on level 4 of the Dungeon)
Missiles
 D - a curare-tipped dart
 J - a throwing net
Armour
 o - the +0 ring mail "Eciojuc" {+Inv}
   (You found it on level 4 of the Dungeon)

   +Inv:      It lets you turn invisible.
 r - a +0 pair of gloves (worn)
   (You found it on level 4 of the Dungeon)
 s - a +0 helmet (worn)
   (You took it off Robin on level 4 of the Dungeon)
 x - +0 ice dragon scales
   (You found it on level 5 of the Dungeon)
 E - a +3 ring mail of cold resistance (worn)
   (You took it off a kobold brigand on level 5 of the Dungeon)
 F - a +0 pair of boots (worn)
   (You found it on level 3 of the Dungeon)
Jewellery
 m - a ring of willpower (left hand)
   (You found it on level 1 of the Dungeon)
 p - a +4 ring of protection (right hand)
   (You found it on level 7 of the Dungeon)
 H - a ring of ice
   (You found it on level 6 of the Dungeon)
Wands
 k - a wand of roots (8)
   (You found it on level 4 of the Dungeon)
 v - a wand of digging (13)
   (You bought it in a shop on level 4 of the Dungeon)
 C - a wand of charming (8)
   (You found it on level 5 of the Dungeon)
Scrolls
 f - 2 scrolls of enchant weapon
 g - 3 scrolls of immolation
 j - a scroll of fog
 t - 6 scrolls of teleportation
 u - 2 scrolls of poison
 w - a scroll of brand weapon {unknown}
 A - a scroll of magic mapping
 G - a scroll of blinking {unknown}
 I - a scroll of vulnerability {unknown}
Potions
 b - a potion of mutation {unknown}
 d - 2 potions of might
 e - 2 potions of ambrosia
 h - a potion of haste
 l - a potion of invisibility
 n - a potion of resistance
 q - a potion of curing
 z - 2 potions of brilliance
 B - a potion of magic {unknown}
Miscellaneous
 c - a piece from Xom's chessboard (14/15) (quivered)


   Skills:
 - Level 6.0 Fighting
 - Level 4.5(5.9) Short Blades
 - Level 5.2(6.0) Long Blades
 - Level 0.7 Armour
 - Level 6.0 Dodging
 - Level 4.0 Stealth
 + Level 5.1 Evocations


You had 8 spell levels left.
You didn't know any spells.
Your spell library contained the following spells:

 Spells                   Type           Power      Damage    Failure   Level
 Blink                    Tloc           0%         N/A       67%         2
 Lesser Beckoning         Tloc           0%         N/A       67%         2
 Momentum Strike          Conj/Tloc      0%         3d8       67%         2
 Static Discharge         Conj/Air       0%         2-2/arc   67%         2
 Vhi's Electric Charge    Tloc/Air       0%         N/A       88%         3
 Arcjolt                  Conj/Air       0%         1d10      100%        5
 Lightning Bolt           Conj/Air       0%         1d11      100%        5


Dungeon Overview and Level Annotations

Branches:
Dungeon (7/15) Zot: 26381  Temple (0/1) D:4

Altars:
Gozag
Wu Jian
Xom

Shops:
D:4 *

Annotations:
D:4 Edmund
D:6 3 runed translucent doors, Ge0ff's ghost, weakling NaDe
D:7 exclusion: steam dragon


Innate Abilities, Weirdness & Mutations

You have large cloven feet.
You are partially covered in iridescent scales. (AC +2)
Armour fits poorly on your strangely shaped body.
You are frail. (-10% HP)
You are somewhat resistant to further mutation.
You passively dampen the noise of your surroundings.


Message History

The gnoll bouda looks as sick as possible!
The gnoll bouda is severely wounded.
You hit the gnoll bouda but do no damage.
The gnoll bouda looks as sick as possible!
The gnoll bouda is almost dead.
You kill the gnoll bouda!
Your Evocations skill increases to level 5!
Things that are here:
a +0 club; a +0 leather armour; a gnoll corpse Your attacks no longer feel as feeble.
Found a leather armour.
You now have 152 gold pieces (gained 16).
Found a scroll of noise.
Found a stone staircase leading down.
You now have 167 gold pieces (gained 15).
Found 7 stones.
Unknown command.
Found a robe.
Found a stone staircase leading down.
You see here a +0 robe.
u - 2 scrolls of poison (gained 1)
A white imp comes into view.
Found 7 gold pieces.
The white imp shouts!
Found 16 gold pieces.
You hit the white imp but do no damage.
The white imp hits you but does no damage.
You hit the white imp but do no damage.
The white imp is poisoned.
You hit the white imp.
The white imp is lightly wounded.
The white imp barely misses you.
You hit the white imp but do no damage.
The white imp is moderately wounded.
The white imp barely misses you.
You closely miss the white imp.
The white imp is moderately wounded.
You completely miss the white imp.
The white imp is moderately wounded.
The white imp gestures at you.
The puff of frost hits you but does no damage.
You resist.
You hit the white imp.
The white imp is moderately wounded.
The white imp closely misses you.
You closely miss the white imp.
The white imp is heavily wounded.
The white imp barely misses you.
You hit the white imp.
The white imp is almost dead.
You hit the white imp.
You kill the white imp!
No target in view!
You now have 183 gold pieces (gained 16).
You now have 190 gold pieces (gained 7).
A steam dragon comes into view.
Found 4 javelins.
Found a dagger.
Unknown command.
A jelly comes into view.
A centaur comes into view.
The jelly quivers.
You hit the jelly but do no damage.
Your hands burn!
The jelly hits you but does no damage.
You hit the jelly. The acid corrodes you!
Your hands burn!
The jelly is lightly wounded.
You hit the jelly but do no damage.
Your hands burn!
The jelly is lightly wounded.
The jelly hits you but does no damage.
You hit the jelly.
The jelly is poisoned.
The acid corrodes you!
Your hands burn!
The jelly is moderately wounded.
The jelly misses you.
You hit the jelly but do no damage.
Your hands burn!
The jelly is moderately wounded.
You hit the jelly but do no damage.
Your hands burn!
The jelly is moderately wounded.
The jelly barely misses you.
You hit the jelly.
Your hands burn!
The jelly is severely wounded.
The jelly hits you.
You are splashed with acid.
You hit the jelly. The acid corrodes you!
Your hands burn!
The jelly is severely wounded.
The jelly hits you.
You are splashed with acid!
* * * LOW HITPOINT WARNING * * *
Unknown command.
Okay, then.
Okay, then.
You hit the jelly but do no damage.
Your hands burn!
* * * LOW HITPOINT WARNING * * *
The jelly is severely wounded.
Unknown command.
You hit the jelly but do no damage.
Your hands burn!
* * * LOW HITPOINT WARNING * * *
The jelly is severely wounded.
The jelly barely misses you.
Unknown command.
The jelly attacks as you move away! The jelly hits you.
* * * LOW HITPOINT WARNING * * *
You are splashed with acid!
You die...
Xom thinks this is hilarious!

##### #...# #...# ###### #...#
#....... ##.....###...# #......
##.......#..@.######.....
#.(........J..##......#.#
#..........#.###......#.# #
#......$...#.###........#####
###.........##............#....
............##### #...).<.....
............## # #.#.........
.............# #.##.#<........
...).........####.....#........


You could see a jelly (very poisoned).

Vanquished Creatures
  3 steam dragons
  An acid dragon (D:5)
  A black bear (D:6)
  An ogre (D:6)
  A centaur (D:6)
  A phantom (D:6)
  A lemure (D:5)
  A kobold brigand (D:5)
  2 necrophages
  2 scorpions
  A howler monkey (D:4)
  4 jellies
  A gnoll bouda (D:7)
  3 orc priests
  8 hounds
  3 iguanas
  Natasha (thrice) (D:2)
  Robin (D:4)
  11 gnolls
  6 adders
  2 shadow imps
  A white imp (D:7)
  An ufetubus (D:5)
  2 worms
  3 dart slugs
  14 orcs
  9 endoplasms
  8 giant cockroaches
  9 goblins
  12 hobgoblins
  5 jackals (D:4)
  8 kobolds
  7 ball pythons
  4 bats
  4 frilled lizards
  7 rats
151 creatures vanquished.

Vanquished Creatures (collateral kills)
  A hound (D:6)
1 creature vanquished.

Vanquished Creatures (others)
  A scorpion (D:4)
  An iguana (D:5)
  A quokka (D:4)
  7 fungi (D:5)
10 creatures vanquished.

Grand Total: 162 creatures vanquished

Notes
Turn   | Place    | Note
-------+----------+-------------------------------------------
     0 | D:1      | Flugkiller the Deep Elf Chaos Knight began the quest for
                  | the Orb.
     0 | D:1      | Reached XP level 1. HP: 13/13 MP: 3/3
    40 | D:1      | Reached skill level 1 in Stealth
   148 | D:1      | XOM: butterfly on damage
   229 | D:1      | Reached XP level 2. HP: 18/18 MP: 4/4
   665 | D:2      | Noticed Natasha
   689 | D:2      | Killed Natasha
   690 | D:2      | Reached XP level 3. HP: 9/22 MP: 5/5
   744 | D:2      | Found a faded altar of an unknown god.
   924 | D:2      | Noticed Natasha
   956 | D:2      | Killed Natasha
   957 | D:2      | Reached XP level 4. HP: 28/28 MP: 6/6
  1194 | D:2      | Noticed Natasha
  1250 | D:2      | XOM: divination: detect creatures
  1253 | D:2      | XOM: silly message
  1261 | D:2      | Killed Natasha
  1347 | D:2      | XOM: silly message
  1589 | D:3      | XOM: divination: detect creatures
  1598 | D:3      | XOM: enchant monster (good)
  1703 | D:3      | Reached XP level 5. HP: 32/32 MP: 7/7
  1847 | D:3      | XOM: 1-stop teleportation journey
  2452 | D:3      | XOM: scenery: create altars
  2546 | D:3      | XOM: give mutations
  2546 | D:3      | Gained mutation: You are somewhat resistant to further
                  | mutation. [Xom's grace]
  2546 | D:3      | Gained mutation: You are partially covered in iridescent
                  | scales. (AC +2) [Xom's grace]
  2546 | D:3      | Gained mutation: You have large cloven feet. [Xom's grace]
  2546 | D:3      | Gained mutation: You passively dampen the noise of your
                  | surroundings. [Xom's grace]
  2770 | D:4      | Found an ornate altar of the Wu Jian Council.
  2957 | D:4      | Identified the +0 ring mail "Eciojuc" {+Inv}
  3011 | D:4      | Reached skill level 5 in Dodging
  3011 | D:4      | Reached XP level 6. HP: 37/37 MP: 8/8
  3220 | D:4      | XOM: scenery: summon butterflies
  3221 | D:4      | Reached skill level 1 in Long Blades
  3318 | D:4      | Found Ojaolen's Assorted Antiques.
  3332 | D:4      | Noticed Robin
  3408 | D:4      | Killed Robin
  3487 | D:4      | Bought a scroll labelled INI MAYBOT for 28 gold pieces
  3487 | D:4      | Bought a wooden wand for 112 gold pieces
  3491 | D:4      | XOM: divination: magic mapping
  3494 | D:4      | Noticed Edmund
  3546 | D:4      | XOM: fog
  3708 | D:4      | Found a staircase to the Ecumenical Temple.
  3743 | D:4      | XOM: fog
  3880 | D:4      | Found a shimmering altar of Xom.
  3886 | D:4      | Reached XP level 7. HP: 41/42 MP: 9/9
  3914 | D:5      | Entered Level 5 of the Dungeon
  4026 | D:5      | XOM: stat loss: -1 Dex (15/16)
  4046 | D:5      | XOM: 1-stop teleportation journey
  4243 | D:5      | XOM: 1-stop teleportation journey
  4246 | D:5      | XOM: summons 2 hostile shadow creatures
  4283 | D:4      | XOM: enchant monster (bad)
  4370 | D:4      | XOM: stat loss: -1 Dex (14/16)
  4539 | D:5      | XOM: stat loss: -1 Dex (14/16)
  4567 | D:5      | XOM: chaos upgrade
  4690 | D:5      | XOM: silly message
  4740 | D:5      | XOM: draining
  4840 | D:5      | Noticed Pikel
  4842 | D:5      | XOM: noise
  4845 | D:5      | XOM: confusion (+ monsters)
  4863 | D:5      | XOM: fake destruction
  5002 | D:5      | Reached skill level 1 in Evocations
  5243 | D:5      | Pikel changed into Pikel the acid dragon
  5243 | D:5      | Noticed Pikel
  5243 | D:5      | XOM: polymorph Pikel -> Pikel the acid dragon
  5250 | D:5      | XOM: butterfly on damage
  5251 | D:5      | Killed Pikel the acid dragon
  5252 | D:5      | Reached XP level 8. HP: 17/48 MP: 10/10
  5399 | D:5      | XOM: stat loss: -1 Int (17/18)
  5419 | D:4      | XOM: swap monsters
  5499 | D:5      | XOM: confusion (+ monsters)
  5506 | D:5      | XOM: polymorph howler monkey -> steam dragon
  5508 | D:5      | XOM: confusion
  5534 | D:5      | XOM: blink monster(s)
  5537 | D:5      | XOM: blink monster(s)
  5553 | D:5      | XOM: give mutations
  5553 | D:5      | Gained mutation: You are frail. (-10% HP) [Xom's mischief]
  5553 | D:5      | Gained mutation: Armour fits poorly on your strangely
                  | shaped body. [Xom's mischief]
  5762 | D:5      | XOM: summons 4 hostile demons
  5763 | D:5      | Noticed a sixfirhy
  5763 | D:5      | Noticed a soul eater
  5868 | D:5      | XOM: confusion
  5878 | D:5      | Reached skill level 5 in Fighting
  6192 | D:6      | XOM: confusion
  6320 | D:6      | XOM: enchant monster (good)
  6374 | D:6      | XOM: 2-stop teleportation journey
  6527 | D:6      | XOM: cast spell 'Discord'
  6666 | D:6      | XOM: chaos upgrade
  6692 | D:6      | XOM: divination: detect creatures
  6730 | D:6      | XOM: god gift: 57 gold pieces
  6870 | D:6      | XOM: noise
  6872 | D:6      | Found a runed translucent gate.
  6872 | D:6      | Found a runed translucent gate.
  6872 | D:6      | Found an opulent altar of Gozag.
  6874 | D:6      | Found a runed translucent gate.
  6965 | D:6      | Noticed Ge0ff's ghost (weakling NaDe)
  6993 | D:6      | Reached skill level 5 in Long Blades
  7384 | D:6      | XOM: potion effect (brilliance)
  7475 | D:7      | XOM: butterfly on damage
  7481 | D:7      | Reached XP level 9. HP: 25/49 MP: 11/11
  7788 | D:7      | Reached skill level 5 in Evocations
  7918 | D:7      | Splashed by a jelly's acid

Illustrated notes

Levels and vault maps discovered:
D:1:      lemuel_arrival_broad_hall, layout_loops_ring, dreamdust_wishing_well,
          hangedman_abyss_or_decor_lesser_grid
D:2:      layout_basic, shapermc_ecumenical_altar_mp_vishouse, minivault_25,
          uniq_natasha
D:3:      minmay_spotlight, layout_loops_corners
D:4:      minmay_bubble_buster, layout_rooms,
          mainiacjoe_overflow_six_doors_small, xom_confusion_cloud,
          temple_fountains, serial_shops, nicolae_shop_stone, uniq_edmund,
          uniq_robin
D:5:      minmay_clustersquares, layout_loops_cross, dreamdust_gnoll_farm,
          uniq_pikel
D:6:      layout_basic, ebering_ghost_gozag, minmay_misc_feat_columns,
          minmay_misc_feat_ornament
D:7:      layout_rooms, grunt_temple_overflow_diamond, serial_shops,
          nicolae_square_shop

Skill      XL: |  1  2  3  4  5  6  7  8  9 |
---------------+----------------------------+-----
Stealth        | 2 3 4 |  4.0
Fighting       | 3 4 6 |  6.0
Short Blades   | 4 |  4.5
Dodging        | 3 5 6 |  6.0
Long Blades    | 2 3 5 |  5.2
Evocations     | 3 4 5 |  5.1
Armour         | |  0.7

Action                     |  1- 3 |  4- 6 |  7- 9 || total
---------------------------+-------+-------+-------++-------
  Melee: Short sword       |    80 |   112 |       ||   192
         Unarmed           |     3 |       |       ||     3
         Long sword        |       |   130 |    25 ||   155
         Punch             |       |     1 |     9 ||    10
         Dagger            |       |    18 |   374 ||   392
  Evoke: Wand              |       |     4 |     8 ||    12
         Piece from Xom's  |       |     3 |     7 ||    10
    Use: Potion            |     3 |     5 |     5 ||    13
         Scroll            |       |     8 |     4 ||    12
   Stab: Sleeping          |     5 |     9 |     5 ||    19
         Paralysed         |       |     3 |     4 ||     7
 Armour: Leather armour    |    16 |    96 |    63 ||   175
         Skin              |     2 |       |       ||     2
         Ring mail         |       |       |    83 ||    83
  Dodge: Dodged            |    32 |   162 |   254 ||   448

Table legend: (Time is in decaauts)
 A = Elapsed time spent in this place.
 B = Non-inter-level travel time spent in this place.
 C = Inter-level travel time spent in this place.
 D = Time resting spent in this place.
 E = Time spent auto-exploring this place.
 F = Levels seen in this place.
 G = Mean time per level.
                   A        B        C        D        E       F      G
               +--------+--------+--------+--------+--------+-----+--------+
         Total |   7827 |   7206 |    621 |   1496 |   3325 |   7 | 1118.1 |
       Dungeon |   7827 |   7206 |    621 |   1496 |   3325 |   7 | 1118.1 |
               +--------+--------+--------+--------+--------+-----+--------+

Top non-repeatable levels by time:
     D:5: 1951 daAuts
     D:6: 1455 daAuts
     D:3: 1389 daAuts
     D:4: 1329 daAuts
     D:2: 864 daAuts
     D:1: 617 daAuts
     D:7: 220 daAuts
